 Dungeon Crawl Stone Soup version 0.29.1-2-gbd0b4ee654 (webtiles) character file.

Game seed: 11843883710226543846

3224 safid the Skirmisher (level 9, -7/81 HPs)
             Began as a Minotaur Hunter on Nov 21, 2022.
             Was a Follower of Okawaru.
             Mangled by a centaur warrior (12 damage)
             ... on level 8 of the Dungeon.
             The game lasted 00:15:44 (8095 turns).

safid the Skirmisher (Minotaur Hunter)              Turns: 8095, Time: 00:15:44

Health: -7/81      AC:  7    Str: 20    XL:     9   Next: 66%
Magic:  12/12      EV: 10    Int:  6    God:    Okawaru [*.....]
Gold:   140        SH:  0    Dex: 18    Spells: 8/8 levels left

rFire   + . .      SeeInvis .   u - +0 arbalest (elec)
rCold   . . .      Faith    .   (shield currently unavailable)
rNeg    . . .      Spirit   .   d - +0 scale mail
rPois   .          Reflect  .   (helmet restricted)
rElec   +          Harm     .   (no cloak)
rCorr   .          Rampage  .   t - +0 pair of gloves
Will    .....                   (no boots)
Stlth   ..........              (no amulet)
HPRegen 0.23/turn               o - ring of Aheykk {Contam rElec rF+ Str+4}
MPRegen 0.13/turn               v - +4 ring of slaying

@: no status effects
A: horns 2, retaliatory headbutt
a: Renounce Religion, Heroism


You were on level 8 of the Dungeon.
You worshipped Okawaru.
Okawaru was aware of your devotion.
You visited 2 branches of the dungeon, and saw 9 of its levels.

You collected 480 gold pieces.
You spent 340 gold pieces at shops.

Inventory:

Hand Weapons
 u - a +0 arbalest of electrocution (weapon)
Missiles
 n - 4 silver javelins
 x - a throwing net
Armour
 d - a +0 scale mail (worn)
 t - a +0 pair of gloves (worn)
Jewellery
 o - the ring of Aheykk (left hand) {Contam rElec rF+ Str+4}
   (You found it on level 2 of the Dungeon)

   [ring of protection from fire]

   Str:       It affects your strength (+4).
   rF:        It protects you from fire.
   rElec:     It insulates you from electricity.
   Contam:    It causes magical contamination when unequipped.
 v - a +4 ring of slaying (right hand)
Wands
 y - a wand of iceblast (15)
 B - a wand of flame (9)
 D - a wand of polymorph (6)
 F - a wand of paralysis (2)
Scrolls
 a - a scroll of enchant weapon
 c - 5 scrolls of teleportation
 e - 2 scrolls of silence
 g - 3 scrolls of fog
 q - a scroll of enchant armour
 r - 2 scrolls of fear
 s - 2 scrolls of amnesia
 w - a scroll of magic mapping
 E - 2 scrolls of blinking
Potions
 f - a potion of attraction {unknown}
 h - 3 potions of heal wounds {unknown}
 i - 2 potions of lignification {unknown}
 j - 2 potions of mutation {unknown}
 l - 3 potions of flight {unknown}
 p - a potion of haste {unknown}
 z - 2 potions of invisibility {unknown}
 A - a potion of curing {unknown}


   Skills:
 - Level 8.0 Fighting
 + Level 12.2 Ranged Weapons
 - Level 2.1 Dodging
 - Level 0.7 Stealth
 + Level 5.8 Invocations


You had 8 spell levels left.
You didn't know any spells.
Your spell library contained the following spells:

 Spells                   Type           Power      Damage    Failure   Level
 Magic Dart               Conj           0%         1d3       83%         1
 Ensorcelled Hibernation  Hex/Ice        0%         N/A       92%         2
 Searing Ray              Conj           0%         2d4       92%         2
 Confusing Touch          Hex            0%         N/A       99%         3
 Spider Form              Tmut/Pois      0%         N/A       99%         3
 Anguish                  Hex/Necr       0%         N/A       100%        4
 Fulminant Prism          Conj/Hex       0%         3d6       100%        4
 Yara's Violent Unravell  Hex/Tmut       0%         3d3       100%        5
 Enfeeble                 Hex            0%         N/A       100%        7


Dungeon Overview and Level Annotations

Branches:
Dungeon (8/15)             Temple (1/1) D:5
   Lair: D:8-11

Altars:
Ashenzari
Cheibriados
Dithmenos
Elyvilon
Fedhas
Gozag
Hepliaklqana
Kikubaaqudgha
Makhleb
Nemelex Xobeh
Okawaru
Qazlal
Ru
Sif Muna
Trog
Uskayaw
Vehumet
Wu Jian
Xom
Yredelemnul
Zin
The Shining One

Shops:
D:1 :***   D:4 (?(=?

Annotations:
D:3 1 runed translucent door, GigaChad's ghost, amateur MiFi


Innate Abilities, Weirdness & Mutations

You have a pair of horns on your head.
You reflexively headbutt those who attack you in melee.


Message History

As you read the scroll of fog, it crumbles to dust.
The scroll dissolves into smoke.
The centaur warrior shoots an arrow.
The arrow hits you!
The centaur warrior shoots an arrow.
The arrow hits you!
You start resting.
A centaur warrior is nearby!
The centaur warrior unwields a +0 shortbow.
The centaur warrior hits you!
The centaur warrior kicks you but does no damage.
The centaur warrior misses you. You furiously retaliate!
You headbutt the centaur warrior!
The centaur warrior kicks you but does no damage.
Fire: u) +0 arbalest (elec)
Press: ? - help, Q - select action, (/) - cycle Shift-Dir - straight line, f - centaur warrior
Aim: a centaur warrior (purple smoke, lightly wounded, 76% to hit)
You shoot a bolt. The bolt hits the centaur warrior!
The centaur warrior is moderately wounded.
The centaur warrior hits you but does no damage.
The centaur warrior kicks you but does no damage.
The centaur warrior hits you but does no damage.
The centaur warrior kicks you.
Fire: u) +0 arbalest (elec)
Press: ? - help, Q - select action, (/) - cycle Shift-Dir - straight line, f/p - centaur warrior
Aim: a centaur warrior (purple smoke, moderately wounded, 76% to hit)
You shoot a bolt. The bolt hits the centaur warrior!
The centaur warrior is heavily wounded.
The centaur warrior hits you but does no damage.
The centaur warrior kicks you. The centaur warrior hits you!
* * * LOW HITPOINT WARNING * * *
The centaur warrior kicks you but does no damage.
Fire: u) +0 arbalest (elec)
Press: ? - help, Q - select action, (/) - cycle Shift-Dir - straight line, f/p - centaur warrior
Aim: a centaur warrior (purple smoke, heavily wounded, 76% to hit)
You shoot a bolt.
The bolt barely misses the centaur warrior.
The centaur warrior hits you!
* * * LOW HITPOINT WARNING * * *
The centaur warrior kicks you.
* * * LOW HITPOINT WARNING * * *
The centaur warrior hits you!
You die...

..... ....# ####
.... ..# #..# #.#
###..# #.#### ....#
#....# ###..# #.##.#
.###.#§§§§#####.##.#
#....§c@§§......##.#
.#.##§§#§##.#####..#
#§§#§##.# #.##
#..#§##.#####.####
##.#....##.......#
#?#.[..##.#.....#
####....##.#..##.#
#.......##.#.).#<#
#.......##.#.#.#.#


You could see a centaur warrior.

Vanquished Creatures
  Pikel (D:5)
  Prince Ribbit (D:7)
  Eustachio (D:5)
  Duvessa (D:7)
  2 ice beasts (D:5)
  2 sky beasts
  2 ogres (D:5)
  3 centaurs
  A phantom (D:5)
  3 bullfrogs
  3 necrophages
  2 scorpions
  Dowan (D:7)
  4 killer bees (D:7)
  4 hounds
  3 jellies (D:6)
  3 orc priests
  A gnoll bouda (D:7)
  An iguana (D:6)
  4 orc wizards
  8 gnolls
  13 adders
  A shadow imp (D:5)
  A white imp (D:7)
  An ufetubus (D:5)
  3 worms (D:2)
  4 dart slugs
  17 orcs
  5 ball pythons
  8 endoplasms
  4 giant cockroaches
  14 goblins
  7 hobgoblins
  6 jackals
  7 kobolds
  7 quokkas
  4 bats
  4 frilled lizards
  7 rats
164 creatures vanquished.

Vanquished Creatures (others)
  2 plants (D:7)
2 creatures vanquished.

Grand Total: 166 creatures vanquished

Notes
Turn   | Place    | Note
-------+----------+-------------------------------------------
     0 | D:1      | safid the Minotaur Hunter began the quest for the Orb.
     0 | D:1      | Reached XP level 1. HP: 18/18 MP: 0/0
    97 | D:1      | Found Tuxeb's Assorted Antiques.
   170 | D:1      | Reached XP level 2. HP: 21/26 MP: 1/1
   355 | D:1      | Found a faded altar of an unknown god.
   403 | D:1      | Found Iliudghen's Book Shop.
   424 | D:1      | Found Fuqei's General Store.
   428 | D:1      | Bought a scroll of teleportation for 30 gold pieces
   579 | D:1      | Reached skill level 5 in Ranged Weapons
   579 | D:1      | Reached XP level 3. HP: 27/31 MP: 2/2
   798 | D:1      | Found Potrekepp's Assorted Antiques.
  1275 | D:2      | Reached XP level 4. HP: 34/40 MP: 3/3
  1929 | D:2      | Identified the ring of Aheykk {Contam rElec rF+ Str+4}
  2408 | D:3      | Noticed GigaChad's ghost (amateur MiFi)
  2414 | D:3      | Found a runed translucent door.
  2465 | D:3      | Reached XP level 5. HP: 47/47 MP: 4/4
  2561 | D:3      | Found a stormy altar of Qazlal.
  2854 | D:4      | Found Johorph's Weapon Boutique.
  2975 | D:4      | Reached skill level 5 in Fighting
  2975 | D:4      | Reached skill level 6 in Ranged Weapons
  3059 | D:4      | Found Niadixuo's Magic Scroll Shoppe.
  3067 | D:4      | Bought a scroll of identify for 26 gold pieces
  3067 | D:4      | Bought a scroll of brand weapon for 123 gold pieces
  3078 | D:4      | Bought a scroll of noise for 13 gold pieces
  3122 | D:4      | Found Fogojidd's Magic Scroll Shop.
  3220 | D:4      | Found Cadghan's Jewellery Boutique.
  3225 | D:4      | Found Ysajot's Antique Weapon Emporium.
  3466 | D:4      | Reached XP level 6. HP: 40/56 MP: 5/5
  3828 | D:5      | Entered Level 5 of the Dungeon
  4002 | D:5      | Found a snail-covered altar of Cheibriados.
  4115 | D:5      | Noticed Pikel
  4125 | D:5      | Killed Pikel
  4126 | D:5      | Reached skill level 8 in Ranged Weapons
  4126 | D:5      | Reached XP level 7. HP: 25/67 MP: 6/6
  4436 | D:5      | Noticed Eustachio
  4439 | D:5      | Reached XP level 8. HP: 74/74 MP: 7/7
  4439 | D:5      | Killed Eustachio
  4440 | D:5      | Reached skill level 9 in Ranged Weapons
  4601 | D:5      | Reached skill level 10 in Ranged Weapons
  4748 | D:5      | Found a staircase to the Ecumenical Temple.
  4762 | Temple   | Entered the Ecumenical Temple
  4769 | Temple   | Became a worshipper of Warmaster Okawaru
  4961 | D:6      | Reached skill level 1 in Invocations
  5138 | D:6      | Reached skill level 11 in Ranged Weapons
  5387 | D:6      | Reached XP level 9. HP: 74/81 MP: 10/10
  5500 | D:6      | Reached * piety under Okawaru
  6004 | D:1      | Bought a scroll of teleportation for 30 gold pieces
  6107 | D:4      | Bought a scroll of fog for 44 gold pieces
  6107 | D:4      | Bought a scroll of identify for 22 gold pieces
  6130 | D:4      | Bought a scroll of identify for 26 gold pieces
  6130 | D:4      | Bought a scroll of identify for 26 gold pieces
  6397 | D:7      | Noticed Prince Ribbit
  6401 | D:7      | Killed Prince Ribbit
  6402 | D:7      | Reached skill level 5 in Invocations
  6550 | D:7      | Reached skill level 12 in Ranged Weapons
  6944 | D:7      | Noticed Duvessa
  6944 | D:7      | Noticed Dowan
  6948 | D:7      | Killed Dowan
  6955 | D:7      | Killed Duvessa
  7235 | D:7      | Found a broken altar of Ashenzari.
  7415 | D:7      | Reached ** piety under Okawaru
  8087 | D:8      | Noticed a centaur warrior
  8095 | D:8      | Mangled by a centaur warrior

Illustrated notes

Levels and vault maps discovered:
D:1:      minmay_arrival_plants_in_alcoves, layout_loops_cross, serial_shops,
          nicolae_shop_hallway_plus, nicolae_diamond_shop, shop, shop_coins,
          nicolae_ecumenical_snake_handling, hangedman_decor_diamond_cutter,
          serial_park_tiny_1, minmay_tetromino_s2
D:2:      layout_basic, st_stairs_9, minmay_distorted
D:3:      layout_loops_ring, nicolae_qazlal_scattered_showers,
          hellmonk_ghost_happy_afterlife
D:4:      layout_loops_ring, serial_shops, nicolae_shop_advertising_works
          [nicolae_subvault_shop_adworks], shop, nicolae_shop_trees, shop, shop
D:5:      layout_loops_ring, mainiacjoe_overflow_24_doors,
          minmay_temple_entry_proselytizer, uniq_pikel, uniq_eustachio
D:6:      layout_loops_ring
D:7:      layout_layer_cave, mainiacjoe_overflow_boulevard, uniq_prince_ribbit1,
          uniq_duvessa
D:8:      layout_loops_cross, minmay_microvault
Temple:   hellmonk_temple_of_storms

Skill      XL: |  1  2  3  4  5  6  7  8  9 |
---------------+----------------------------+-----
Fighting       | 3 4 5 7 8 |  8.0
Ranged Weapons | 5 6 8 11 12 | 12.2
Invocations    | 3 5 |  5.8
Dodging        | |  2.1
Stealth        | |  0.7

Action                   |  1- 3 |  4- 6 |  7- 9 || total
-------------------------+-------+-------+-------++-------
 Fire: Shortbow          |   113 |   130 |       ||   243
       Arbalest          |       |    61 |   130 ||   191
  Use: Scroll            |       |     1 |    11 ||    12
Armor: Scale mail        |    31 |    48 |    37 ||   116
Dodge: Dodged            |    20 |    59 |    39 ||   118
